 Dungeon Crawl Stone Soup version 0.30-a0-652-gcc886f7154 (webtiles) character file.

Game seed: 6080264751567815430

916 bmack86 the Chopper (level 7, -4/62 HPs)
             Began as a Minotaur Fighter on Jan 17, 2023.
             Slain by an ogre
             ... wielding a +0 giant club
              (20 damage)
             ... on level 5 of the Dungeon.
             The game lasted 00:10:36 (4199 turns).

bmack86 the Chopper (Minotaur Fighter)              Turns: 4199, Time: 00:10:37

Health: -4/62      AC: 16    Str: 22    XL:     7   Next: 83%
Magic:  6/6        EV:  7    Int:  5    God:
Gold:   148        SH:  5    Dex: 10    Spells: 6/6 levels left

rFire   + . .      SeeInvis .    a - +0 war axe
rCold   + . .      Faith    .    c - +0 buckler
rNeg    + . .      Spirit   .    p - +1 chain mail
rPois   +          Reflect  .    o - -2 hat of the Alchemist {rElec rPois rF+ rC+ rN+ Will+ rMut rCorr}
rElec   +          Harm     .    (no cloak)
rCorr   +          Rampage  .    t - +2 pair of gloves
rMut    +                        (no boots)
Will    ++...                    r - amulet of magic regeneration Stlth
                                 v - ring of willpower
HPRegen 0.30/turn                f - +4 ring of protection
MPRegen 0.50/turn

@: mighty
A: horns 2, retaliatory headbutt
a: no special abilities


You were on level 5 of the Dungeon.
You visited 1 branch of the dungeon, and saw 5 of its levels.
You also visited: Sewer.

You collected 148 gold pieces.

Inventory:

Hand Weapons
 a - a +0 war axe (weapon)
Missiles
 y - 14 poisoned darts (quivered)
Armour
 b - a +0 scale mail
 c - a +0 buckler (worn)
 o - the -2 hat of the Alchemist (worn) {rElec rPois rF+ rC+ rN+ Will+ rMut rCorr}
   (You acquired it on level 4 of the Dungeon)

   rF:        It protects you from fire.
   rC:        It protects you from cold.
   rElec:     It insulates you from electricity.
   rPois:     It protects you from poison.
   rN:        It protects you from negative energy.
   rCorr:     It protects you from acid and corrosion.
   rMut:      It protects you from mutation.
   Will:      It increases your willpower.
 p - a +1 chain mail (worn)
 t - a +2 pair of gloves (worn)
Jewellery
 f - a +4 ring of protection (right hand)
 n - a ring of fire
 r - an amulet of magic regeneration (around neck)
 s - a ring of protection from fire
 v - a ring of willpower (left hand)
 x - a ring of positive energy
Scrolls
 g - 2 scrolls of teleportation
 i - 3 scrolls of blinking
 k - a scroll of magic mapping
 q - a scroll of poison
Potions
 e - 5 potions of curing
 h - 2 potions of heal wounds
 j - a potion of lignification
 l - 3 potions of brilliance
 m - a potion of attraction
 w - a potion of haste
 z - a potion of ambrosia {unknown}
 C - 2 potions of invisibility {unknown}


   Skills:
 + Level 5.8 Fighting
 * Level 6.9 Axes
 + Level 2.5 Throwing
 + Level 5.7 Armour
 + Level 5.7 Shields


You had 6 spell levels left.
You didn't know any spells.
Your spell library contained the following spells:

 Spells                   Type           Power      Damage    Failure   Level
 Necrotise                Necr           0%         1d4       99%         1
 Blink                    Tloc           0%         N/A       100%        2
 Lesser Beckoning         Tloc           0%         N/A       100%        2
 Momentum Strike          Conj/Tloc      0%         3d8       100%        2
 Static Discharge         Conj/Air       0%         2-2/arc   100%        2
 Frozen Ramparts          Ice            0%         1d1       100%        3
 Vampiric Draining        Necr           0%         2d6       100%        3
 Vhi's Electric Charge    Tloc/Air       0%         N/A       100%        3
 Ice Form                 Ice/Tmut       0%         N/A       100%        4
 Summon Ice Beast         Ice/Summ       0%         N/A       100%        4
 Agony                    Necr           0%         N/A       100%        5
 Arcjolt                  Conj/Air       0%         1d10      100%        5
 Lightning Bolt           Conj/Air       0%         1d11      100%        5


Dungeon Overview and Level Annotations

Branches:
Dungeon (5/15)              Sewer (visited)
 Temple: D:4-7

Altars:
Makhleb
Ru
Trog
Wu Jian
Yredelemnul


Innate Abilities, Weirdness & Mutations

You have a pair of horns on your head.
You reflexively headbutt those who attack you in melee.


Message History

You kill the ice beast!
Found a hand axe.
You now have 148 gold pieces (gained 12).
r - an amulet of magic regeneration You start putting on your amulet.
You continue putting on your amulet of magic regeneration. x5
You finish putting on your amulet of magic regeneration.
r - an amulet of magic regeneration (around neck)
Found an inky potion.
Found 2 scrolls of fog.
An iguana and an ogre come into view.
The ogre shouts!
You hear a shout!
A gnoll comes into view. It is wielding a +0 flail.
Found 9 gold pieces.
The gnoll shouts!
A gnoll comes into view. It is wielding a +0 flail.
A gnoll comes into view. It is wielding a +0 spear.
The gnoll shouts! x2
You slash the iguana!
You headbutt the iguana, but do no damage.
The iguana is severely wounded.
You slash the ogre! The ogre hits you with a +0 giant club!
The iguana bites you but does no damage.
You hit the iguana.
The iguana is almost dead.
You barely miss the ogre. The iguana bites you.
The ogre hits you with a +0 giant club!
You slash the iguana!
You kill the iguana!
You slash the ogre!
Sorry, you're not good enough to have a special ability.
You barely miss the ogre.
The ogre is severely wounded.
You hit the gnoll but do no damage. The ogre hits you with a +0 giant club!
The gnoll hits you with a +0 flail!
* * * LOW HITPOINT WARNING * * *
The gnoll closely misses you.
You feel very mighty all of a sudden.
The ogre hits you with a +0 giant club!!
You die...

*,,,,,,,,,,,,,,,,,,,,,,
#.............$.,,,,,**
#...............,,,,,*
#................,,,,**
##...............,,,,,,
#.........#......,,,,,,
#...g.g!.........,,,,,,
#....g....#......,,,,**
#.....@...#.....?,,,,**
#....O......#,*,**,,,,,
##.........##,*,**,,***
##.....#.##*.#,*#.#*
#######.# #.#.#..# #.#
#.#....# ##.###.#..#.#
#..#......#.#
#.##........# #


You could see an ogre and 3 gnolls.

Vanquished Creatures
  Edmund (D:4)
  An ice beast (D:5)
  6 kobold brigands (Sewer)
  A hound (D:4)
  A jelly (D:5)
  An iguana (D:5)
  4 river rats (Sewer)
  9 adders
  4 worms
  A dart slug (D:4)
  9 endoplasms
  4 giant cockroaches (D:1)
  4 goblins
  8 hobgoblins
  5 quokkas
  5 ball pythons
  4 bats
  9 frilled lizards
  11 kobolds
  8 rats
96 creatures vanquished.

Notes
Turn   | Place    | Note
-------+----------+-------------------------------------------
     0 | D:1      | bmack86 the Minotaur Fighter began the quest for the Orb.
     0 | D:1      | Reached XP level 1. HP: 19/19 MP: 0/0
   123 | D:1      | Reached XP level 2. HP: 26/27 MP: 1/1
   188 | D:1      | Reached skill level 3 in Axes
   783 | D:2      | Reached XP level 3. HP: 33/33 MP: 2/2
  1169 | D:3      | Found a basalt altar of Yredelemnul.
  1461 | D:3      | Found a burning altar of Makhleb.
  1955 | D:4      | Found an ornate altar of the Wu Jian Council.
  1955 | D:4      | Found a bloodstained altar of Trog.
  1956 | D:4      | Found a sacrificial altar of Ru.
  2034 | D:4      | Reached XP level 4. HP: 39/40 MP: 3/3
  2068 | D:4      | Found a glowing drain.
  2089 | D:4      | Reached skill level 4 in Axes
  2099 | Sewer    | Entered a sewer
  2257 | Sewer    | Reached XP level 5. HP: 47/47 MP: 4/4
  2440 | Sewer    | Reached skill level 5 in Axes
  2440 | Sewer    | Reached XP level 6. HP: 20/55 MP: 5/5
  2442 | Sewer    | Reached skill level 5 in Fighting
  2613 | Sewer    | Reached skill level 1 in Throwing
  2613 | Sewer    | Reached skill level 5 in Armour
  2613 | Sewer    | Reached skill level 5 in Shields
  2891 | Sewer    | Reached XP level 7. HP: 59/61 MP: 6/6
  2975 | Sewer    | Reached skill level 6 in Axes
  3254 | D:4      | Identified a scroll of acquirement
  3254 | D:4      | Acquired the -2 hat of the Alchemist {rElec rPois rF+ rC+
                  | rN+ Will+ rMut rCorr}
  3254 | D:4      | Found the -2 hat of the Alchemist {rElec rPois rF+ rC+ rN+
                  | Will+ rMut rCorr}
  3433 | D:4      | Noticed Edmund
  3447 | D:4      | HP: 3/61 [Edmund/+4 heavy flail (15)]
  3451 | D:4      | Killed Edmund
  4081 | D:5      | Entered Level 5 of the Dungeon
  4199 | D:5      | Slain by an ogre

Illustrated notes

Levels and vault maps discovered:
D:1:      dpeg_arrival_leaves_temple_mockup, layout_basic, nicolae_eternal_life,
          grunt_decor_mini_mirrors
D:2:      layout_rooms, minmay_lizard_pond
D:3:      layout_basic, mainiacjoe_overflow_six_doors_small, old_standard_altar
D:4:      layout_gridville, gammafunk_temple_overflow_claw,
          gup_sewer_entry_glass, uniq_edmund
D:5:      kennysheep_steamy, layout_rooms, chequers_serial_rivers_large_a,
          uniq_duvessa, uniq_menkaure, uniq_prince_ribbit1

Skill      XL: |  1  2  3  4  5  6  7 |
---------------+----------------------+-----
Axes           | 3 4 5 6 |  6.9
Shields        | 4 5 |  5.7
Fighting       | 4 5 |  5.8
Armour         | 4 5 |  5.7
Throwing       | 1 2 |  2.5

Action                   |  1- 3 |  4- 6 |  7- 9 || total
-------------------------+-------+-------+-------++-------
Melee: War axe           |    92 |   121 |    66 ||   279
       Headbutt          |     8 |    12 |    11 ||    31
  Use: Scroll            |     9 |       |     9 ||    18
       Potion            |       |       |     2 ||     2
Armor: Scale mail        |    26 |       |       ||    26
       Chain mail        |    48 |    63 |    29 ||   140
Dodge: Dodged            |    39 |    43 |    23 ||   105
Block: Buckler           |    23 |    32 |     8 ||    63

Table legend: (Time is in decaauts)
 A = Elapsed time spent in this place.
 B = Non-inter-level travel time spent in this place.
 C = Inter-level travel time spent in this place.
 D = Time resting spent in this place.
 E = Time spent auto-exploring this place.
 F = Levels seen in this place.
 G = Mean time per level.
                   A        B        C        D        E       F      G
               +--------+--------+--------+--------+--------+-----+--------+
         Total |   4455 |   4394 |     61 |    386 |   2590 |   6 |  742.5 |
       Dungeon |   3196 |   3135 |     61 |    276 |   1872 |   5 |  639.2 |
         Sewer |   1259 |   1259 |      0 |    110 |    718 |   1 | 1259.0 |
               +--------+--------+--------+--------+--------+-----+--------+

Top non-repeatable levels by time:
   Sewer: 1259 daAuts
     D:4: 1148 daAuts
     D:3: 780 daAuts
     D:1: 657 daAuts
     D:2: 490 daAuts
     D:5: 119 daAuts
